Map: Jagannatha LE

Players

Reynor

  • Race: Zerg Zerg
  • Spawn Location: 1:00

Zest - Winner!

  • Race: Protoss Protoss
  • Spawn Location: 7:00

Event: IEM Katowice 2021

VOD

https://youtu.be/XKowOHQsRZU?t=511

Description

Time

  • Played on: Feb. 24, 2021, 11:58 a.m.
  • Length: 13:43

All games in this series

Show
View Real Time Build Order
Export as new Build Order

Reynor Zerg 

Build Orders: Hatch First 

Get SALT Encoding   

  12  0:00  Drone  
  13  0:12  Overlord  
  13  0:17  Drone  
  14  0:30  Drone x2  
  16  0:43  Drone  
  17  0:52  Hatchery  
  17  0:56  Drone  
  17  0:59  Drone  
  18  1:10  Extractor  
  17  1:15  Spawning Pool  
  16  1:18  Drone  
  16  1:21  Drone  
  18  1:28  Drone  
  19  1:38  Drone  
  20  1:48  Overlord  
  20  2:02  Queen  
  20  2:07  Drone x2, Queen  
  26  2:12  Zergling x2  
  26  2:15  Zergling x2  
  28  2:21  Metabolic Boost  
  28  2:22  Drone  
  29  2:26  Drone  
  30  2:33  Drone  
  31  2:37  Overlord  
  31  2:42  Drone, Queen  
  34  2:48  Drone  
  35  2:54  Drone, Pneumatized Carapace  
  36  2:59  Drone  
  37  3:08  Hatchery  
  37  3:11  Drone  
  37  3:15  Drone  
  37  3:16  Drone  
  39  3:20  Overlord  
  39  3:24  Zergling x4  
  41  3:27  Drone  
  41  3:28  Drone  
  41  3:32  Overlord  
  44  3:34  Drone  
  44  3:40  Drone, Spore Crawler  
  44  3:44  Queen  
  44  3:48  Overlord  
  46  3:50  Drone  
  46  3:52  Drone  
  46  3:53  Drone  
  49  3:56  Drone  
  49  4:00  Queen  
  53  4:02  Drone  
  53  4:04  Drone  
  53  4:07  Zergling x4  
  56  4:10  Overlord  
  56  4:12  Drone  
  56  4:13  Drone  
  58  4:20  Overlord  
  58  4:21  Drone x2  
  58  4:23  Drone x2  
  60  4:26  Drone  
  60  4:28  Drone  
  60  4:30  Drone  
  63  4:33  Drone x2  
  63  4:38  Queen  
  65  4:41  Lair  
  67  4:46  Zergling x6  
  67  4:48  Drone  
  67  4:50  Drone  
  70  4:54  Overlord, Roach Warren  
  70  4:55  Drone  
  70  4:56  Drone  
  70  4:58  Drone  
  70  4:59  Drone  
  72  5:03  Spore Crawler  
  71  5:08  Extractor, Drone x3  
  71  5:10  Extractor  
  71  5:11  Overlord, Spore Crawler  
  71  5:12  Drone x2  
  71  5:13  Drone  
  74  5:15  Drone x2  
  74  5:20  Extractor, Queen  
  78  5:21  Extractor, Drone  
  78  5:23  Drone  
  78  5:25  Overlord  
  78  5:28  Drone x2  
  78  5:31  Drone x3  
  78  5:35  Overlord  
  83  5:36  Drone x2  
  83  5:40  Overlord  
  83  5:42  Extractor  
  84  5:45  Drone x2  
  84  5:46  Nydus Network  
  84  5:47  Queen  
  87  5:50  Overlord  
  87  5:53  Queen  
  89  5:59  Queen  
  89  6:03  Overlord  
  91  6:13  Roach x6  
  91  6:14  Roach x2  
  91  6:15  Overlord  
  107  6:23  Queen  
  109  6:26  Roach x4  
  109  6:29  Nydus Canal  
  109  6:31  Queen  
  119  6:38  Overlord  
  123  6:40  Ravager x4  
  123  6:41  Roach x3  
  129  6:47  Nydus Canal  
  129  6:48  Overlord  
  129  6:52  Ravager  
  129  6:54  Overlord x2  
  130  6:57  Ravager x3  
  130  7:00  Queen  
  135  7:03  Ravager  
  135  7:04  Overlord  
  135  7:05  Overlord  
  134  7:08  Zergling x2  
  134  7:09  Zergling x14  
  134  7:10  Overlord, Ravager x2  
  144  7:16  Roach x3  
  144  7:17  Overlord  
  144  7:22  Roach x3  
  155  7:29  Roach x3  
  146  7:37  Zergling x10, Roach  
  146  7:40  Queen  
  152  7:44  Ravager x4  
  152  7:46  Zergling x6, Roach  
  152  7:48  Roach  
  152  7:51  Queen  
  151  7:56  Roach  
  148  7:59  Zergling x2, Roach  
  148  8:01  Queen  
  148  8:03  Roach  
  128  8:09  Ravager x3  
  128  8:11  Zergling x4, Roach  
  121  8:13  Zergling x2, Roach x2  
  121  8:15  Queen  
  121  8:18  Roach  
  113  8:22  Drone x2  
  113  8:24  Evolution Chamber, Glial Reconstitution  
  107  8:28  Queen  
  107  8:32  Ravager x4  
  107  8:33  Roach  
  115  8:37  Drone x2  
  115  8:38  Queen  
  119  8:44  Hatchery  
  122  8:48  Roach x2  
  122  8:50  Roach  
  122  8:53  Roach  
  122  8:54  Zerg Missile Weapons Level 1  
  126  8:57  Roach  
  126  9:00  Roach x2  
  132  9:04  Roach x2  
  132  9:06  Roach  
  135  9:11  Roach x3  
  135  9:14  Ravager x3  
  135  9:16  Drone x2  
  146  9:22  Roach x3  
  151  9:27  Roach x2  
  151  9:28  Roach  
  157  9:31  Roach x2  
  157  9:37  Roach x2, Infestation Pit  
  164  9:44  Roach x3  
  170  9:48  Drone x3  
  170  9:50  Overlord  
  170  9:52  Zergling x2, Roach  
  176  9:53  Drone  
  176  9:59  Roach x3  
  182  10:08  Roach  
  182  10:09  Roach x4  
  182  10:12  Ravager x4  
  174  10:21  Roach  
  174  10:22  Roach x6  
  174  10:25  Zergling x4, Roach  
  167  10:32  Zergling x2, Roach x2  
  167  10:35  Roach  
  143  10:41  Zergling x2, Roach  
  143  10:42  Zergling x4, Roach  
  138  10:44  Roach  
  138  10:47  Queen  
  138  10:49  Roach  
  127  10:52  Roach x2  
  127  10:54  Queen  
  127  10:55  Queen  
  127  10:56  Roach  
  115  10:58  Zerg Missile Weapons Level 2  
  115  10:59  Roach  
  115  11:02  Drone x2  
  113  11:05  Ravager x2  
  113  11:07  Drone x3  
  113  11:10  Roach  
  120  11:12  Roach x2  
  120  11:16  Roach, Drone  
  127  11:22  Drone x2  
  127  11:23  Drone  
  132  11:28  Drone x2  
  132  11:30  Drone, Queen  
  135  11:33  Ravager x4  
  135  11:35  Roach x4  
  147  11:42  Drone  
  147  11:43  Spore Crawler  
  147  11:44  Extractor x2, Drone x2  
  147  11:46  Drone  
  148  11:53  Ravager x2  
  150  11:55  Roach x3  
  150  12:00  Roach  
  158  12:02  Drone x2  
  158  12:03  Drone x3  
  158  12:05  Roach x3  
  158  12:06  Roach x4  
  177  12:12  Roach x4  
  177  12:15  Queen  
  184  12:22  Hive  
  184  12:24  Hydralisk Den  
  184  12:25  Overlord  
  184  12:29  Roach x2  
  185  12:30  Zergling x2  
  186  12:38  Ravager x3  
  186  12:39  Zergling x14  
  186  12:43  Overlord  
  196  12:49  Roach  
  196  12:50  Roach x2  
  195  13:06  Hatchery  
  195  13:07  Lurker Den  
  183  13:18  Hydralisk x4  
  183  13:19  Hydralisk x4  
Show
View Real Time Build Order
Export as new Build Order

Zest Protoss - Winner!

Build Orders: 1 Gate Expand, Oracle Opening, Archon Immortal 

Get SALT Encoding   

  12  0:00  Probe  
  13  0:12  Probe  
  14  0:20  Pylon  
  14  0:24  Probe  
  15  0:38  Probe (Chrono Boost)  
  15  0:40  Gateway  
  16  0:47  Probe (Chrono Boost)  
  17  0:50  Assimilator  
  17  0:52  Probe (Chrono Boost)  
  18  1:05  Probe  
  19  1:17  Probe  
  20  1:26  Nexus  
  20  1:37  Cybernetics Core  
  20  1:41  Probe  
  20  1:46  Assimilator  
  21  1:53  Probe  
  22  1:56  Pylon  
  22  2:05  Probe (Chrono Boost)  
  23  2:14  Adept  
  26  2:16  Probe (Chrono Boost)  
  26  2:19  Stargate  
  26  2:20  Probe (Chrono Boost)  
  27  2:26  Warp Gate  
  27  2:34  Probe (Chrono Boost)  
  28  2:38  Probe (Chrono Boost)  
  30  2:46  Adept  
  30  2:48  Probe x2 (Chrono Boost)  
  33  2:53  Void Ray (Chrono Boost), Probe (Chrono Boost)  
  33  2:56  Probe  
  35  3:05  Probe  
  40  3:08  Probe  
  40  3:09  Pylon  
  41  3:17  Probe  
  42  3:20  Probe, Gateway  
  42  3:26  Oracle (Chrono Boost)  
  43  3:29  Probe  
  43  3:32  Probe  
  49  3:41  Probe  
  49  3:44  Probe  
  50  3:51  Nexus  
  50  3:53  Pylon  
  50  3:57  Probe x2  
  50  3:59  Assimilator  
  50  4:02  Assimilator  
  52  4:08  Stargate  
  52  4:09  Probe  
  53  4:11  Probe  
  54  4:18  Void Ray  
  54  4:21  Probe  
  54  4:23  Probe  
  56  4:26  Pylon  
  60  4:33  Probe  
  60  4:35  Probe  
  62  4:41  Forge, Twilight Council  
  62  4:46  Probe  
  62  4:47  Probe  
  62  4:48  Adept x2  
  62  4:51  Pylon  
  68  4:58  Pylon  
  68  5:03  Probe x2 (Chrono Boost)  
  68  5:04  Probe (Chrono Boost)  
  71  5:07  Void Ray  
  71  5:09  Void Ray  
  71  5:13  Probe x2 (Chrono Boost)  
  71  5:14  Probe (Chrono Boost)  
  78  5:18  Probe x2 (Chrono Boost)  
  78  5:19  Probe (Chrono Boost)  
  85  5:22  Protoss Ground Weapons Level 1  
  85  5:25  Charge  
  85  5:32  Probe  
  85  5:33  Probe x2  
  88  5:39  Gateway  
  88  5:40  Gateway  
  88  5:41  Assimilator  
  88  5:43  Assimilator  
  88  5:45  Probe  
  88  5:47  Robotics Facility  
  88  5:48  Pylon  
  89  5:55  Gateway  
  89  5:57  Gateway  
  89  5:58  Templar Archives  
  89  6:03  Probe x3  
  92  6:09  Pylon  
  92  6:14  Gateway  
  92  6:15  Probe  
  92  6:16  Probe x2  
  95  6:22  Pylon  
  95  6:28  Pylon  
  95  6:31  Photon Cannon  
  95  6:32  Immortal (Chrono Boost), Shield Battery  
  95  6:36  Shield Battery  
  95  6:37  Shield Battery  
  95  6:38  Pylon  
  95  6:39  High Templar  
  101  6:40  High Templar x3  
  107  6:49  Archon x2  
  107  6:52  Photon Cannon  
  107  6:53  Photon Cannon  
  107  6:55  Shield Battery  
  107  6:57  Gateway  
  107  6:59  Gateway  
  107  7:01  Immortal (Chrono Boost)  
  107  7:04  Photon Cannon  
  107  7:07  Zealot  
  113  7:12  Shield Battery  
  113  7:17  High Templar x2  
  113  7:18  Zealot x3  
  123  7:24  Archon  
  123  7:26  High Templar  
  123  7:29  Immortal (Chrono Boost)  
  127  7:40  Zealot  
  127  7:41  Zealot x3  
  131  7:53  Void Ray  
  131  7:56  Zealot x3  
  131  7:57  Void Ray  
  129  8:01  Zealot  
  129  8:02  Protoss Ground Weapons Level 2 (Chrono Boost)  
  133  8:09  Pylon  
  133  8:12  Immortal (Chrono Boost)  
  125  8:23  Psionic Storm, High Templar x3  
  125  8:24  Zealot  
  133  8:29  Nexus  
  133  8:36  Pylon  
  133  8:40  Pylon, Gateway x2  
  133  8:44  Observer (Chrono Boost)  
  134  8:50  Gateway  
  134  8:52  Zealot  
  134  8:53  Zealot x2  
  140  8:56  Pylon  
  140  9:03  High Templar x2  
  140  9:04  Zealot x3  
  150  9:10  Archon  
  150  9:20  Warp Prism (Chrono Boost)  
  150  9:21  High Templar x2  
  150  9:22  Zealot  
  155  9:26  Archon  
  155  9:35  High Templar x2  
  155  9:36  Zealot x3  
  165  9:43  Archon  
  165  9:47  Zealot x3  
  171  9:54  Zealot x2  
  175  10:03  Archon  
  175  10:08  Zealot x2  
  179  10:17  Archon  
  179  10:19  Zealot x2  
  151  10:24  Zealot x5  
  151  10:25  Zealot  
  137  10:33  Blink (Chrono Boost), Protoss Ground Weapons Level 3 (Chrono Boost)  
  115  10:44  Zealot x2  
  115  10:45  Zealot x7  
  115  10:46  Zealot  
  115  10:49  Immortal (Chrono Boost)  
  95  10:50  Zealot x9  
  91  11:07  Gateway  
  91  11:08  Gateway  
  91  11:09  Gateway  
  91  11:10  Gateway, High Templar  
  91  11:11  Zealot x3, High Templar x6  
  101  11:17  Probe x3  
  101  11:18  Probe  
  115  11:21  Oracle x2 (Chrono Boost)  
  121  11:27  Assimilator  
  121  11:31  Assimilator  
  121  11:35  Zealot x3  
  127  11:45  Stalker x7  
  141  12:04  Stalker x7  
  141  12:07  Nexus  
  155  12:09  Pylon  
  155  12:11  Pylon  
  155  12:26  Stalker x3  
  155  12:27  Stalker x5  
  171  12:31  Zealot, Observer  
  174  12:37  Zealot  
  174  12:38  Zealot x2  
  176  12:56  Zealot x3  
  176  12:57  Zealot x6  
  169  13:14  Zealot x5  
  179  13:26  Zealot x8  

Tags
 
Add a new tag
Caveats
  • Supply blocks, unpowered buildings, or Contaminate may cause inaccurate times.
  • Supply counts are checked every 10 seconds.